 Dungeon Crawl Stone Soup version 0.18.1-8-gdd0e5ea (webtiles) character file.

171247 protoss039 the Severer (level 17, -7/161 HPs)
             Began as a Minotaur Berserker on June 7, 2016.
             Was a High Priest of Trog.
             Mangled by a deep troll shaman (11 damage)
             ... on level 3 of the Depths.
             The game lasted 03:04:59 (34531 turns).

protoss039 the Severer (Minotaur Berserker)        Turns: 34531, Time: 03:05:00

Health: -7/161     AC: 30    Str: 32    XL:     17   Next: 39%
Magic:  7/7        EV: 15    Int:  4    God:    Trog [*****.]
Gold:   3628       SH:  0    Dex: 18    Spells: 0 memorised, 16 levels left

rFire  + + .     SeeInvis .     V - +6 battleaxe (antimagic)
rCold  + + .     Gourm    .     W - +1 plate armour {rC+}
rNeg   . . .     Faith    .     (shield currently unavailable)
rPois  .         Spirit   .     (helmet unavailable)
rElec  .         Dismiss  .     h - +2 cloak
rCorr  +         Reflect  .     S - +0 pair of gloves {rF+}
SustAt .         Harm     .     X - +1 pair of boots {rF+}
MR     ++...     Rnd*Tele +     M - amulet of regeneration
Stlth  ..........               F - ring of resist corrosion
                                Z - ring of protection from magic

@: confused, mighty, agile, exhausted, very slightly contaminated, slowed, very
slow, very resistant to hostile enchantments, extremely unstealthy
A: retaliatory headbutt, hooves 1, horns 3, rough black scales 1, thin skeletal
structure 1, cold resistance 1, teleportitis 1, no device heal 1
a: Berserk, Trog's Hand, Brothers in Arms, Burn Spellbooks, Renounce Religion


You were on level 3 of the Depths.
You worshipped Trog.
Trog was extremely pleased with you.
You were hungry.

You visited 4 branches of the dungeon, and saw 28 of its levels.
You also visited: Ice Cave and Volcano.

You collected 4991 gold pieces.
You spent 1351 gold pieces at shops.

Inventory:

Hand Weapons
 x - a +2 antimagic broad axe
 V - a +6 antimagic battleaxe (weapon)
 Y - a +4 battleaxe of freezing
Missiles
 z - 30 large rocks (quivered)
Armour
 h - a +2 cloak (worn)
 o - a +0 shield
 E - a +0 hat
 S - a +0 pair of gloves of fire resistance (worn)
 W - a +1 plate armour of cold resistance (worn)
 X - a +1 pair of boots of fire resistance (worn)
Jewellery
 g - an uncursed ring of flight
 s - a +2 ring of protection
 F - a ring of resist corrosion (right hand)
 M - an amulet of regeneration (around neck)
 O - an uncursed ring of protection from cold
 Z - a ring of protection from magic (left hand)
Wands
 j - a wand of disintegration (0/24)
 l - a wand of acid (6/15)
 q - a wand of polymorph (17/24)
 r - a wand of iceblast (2/15)
 y - a wand of digging (11/24)
 C - a wand of paralysis (12/24)
 D - a wand of confusion (4/48)
 J - a wand of flame (3/48)
 N - a wand of lightning (2/15)
Scrolls
 p - 11 scrolls of identify
 t - 3 scrolls of teleportation
 B - a scroll of fog
 H - 3 scrolls of enchant weapon
 K - 3 scrolls of enchant armour
 P - 2 scrolls of recharging
 R - 8 scrolls of remove curse
Potions
 i - a potion of flight
 n - 3 potions of might
 v - 2 potions of cancellation
 A - a potion of ambrosia
 G - a potion of brilliance
 I - a potion of agility
 T - 4 potions of resistance
 U - 2 potions of magic
Miscellaneous
 a - a disc of storms
 u - a phantom mirror
Comestibles
 b - 14 meat rations
 c - 17 bread rations
 d - 34 fruits
 f - 2 beef jerkies
 k - 3 chunks of flesh


   Skills:
 + Level 17.3 Fighting
 + Level 20.6 Axes
 * Level 8.3 Throwing
 * Level 16.7 Armour
 - Level 2.4 Dodging
 - Level 12.2 Shields
 * Level 8.4 Evocations


You had 16 spell levels left.
You didn't know any spells.

Dungeon Overview and Level Annotations

Branches:
Dungeon (15/15)            Temple (0/1) D:4            Lair (8/8) D:9
 Shoals (0/4) Lair:4       Spider (0/4) Lair:5        Slime (0/6) Lair:6
    Orc (2/2) D:12            Elf (0/3) Orc:2        Vaults (0/5) D:14
 Depths (3/5) D:15

Altars:
Ashenzari
Dithmenos
Fedhas
Kikubaaqudgha
Makhleb
Nemelex Xobeh
Qazlal
Ru
Vehumet
Zin
The Shining One
Beogh
Jiyva

Shops:
D:9 *[[*   D:11 :   D:14 [   D:15 [   Orc:1 :   Orc:2 =*([   Depths:2 *[%
Depths:3 }

Portals:
Hell: Depths:3
Abyss: Depths:1 Depths:3
Pandemonium: Depths:3
Trove: D:10 (give +4 fire dragon armour)


Innate Abilities, Weirdness & Mutations

You reflexively headbutt those who attack you in melee.
You have a pair of large horns on your head.
You have large cloven feet.
You are partially covered in rough black scales (AC +4, Dex -1).
You have a somewhat thin skeletal structure (Dex +2, Stealth).
Your flesh is cold resistant.
You are occasionally teleported next to monsters.
Potions and wands are less effective at restoring your health.


Message History

Read which item? (? for menu, Esc to quit)
Okay, then.
Drink which item? (? for menu, Esc to quit)
You are confused.
You feel invigorated. The deep troll bites you.
* * * LOW HITPOINT WARNING * * *
The deep troll claws you.
* * * LOW HITPOINT WARNING * * *
The deep troll barely misses you.
The deep troll shaman completely misses you.
The deep troll shaman claws you but does no damage. x2
The deep troll bites you!!
* * * LOW HITPOINT WARNING * * *
The deep troll misses you.
The deep troll claws you but does no damage.
The deep troll shaman closely misses you.
The deep troll shaman claws you!
* * * LOW HITPOINT WARNING * * *
The deep troll shaman claws you!
You die...

###....###.......'.#
#####........##......#.#
...#..##''##..#......#.#
#..#.##....##.#......#.####
#.##.#......#.#......#....#
#'##.#......#.#......####'##
...#.#......#.##'#####.∩...#
...#'#......#'##.#.∩.'.....#
.....##..∩.##..#@#.###.....#
......######...TT..# #.....#
................#### #.....#
+##...<.T######## ###'###
.##......# #.# .###+#####
#.# ........# ##.##
.##..#..### #...#
.....#....## ###(#


You could see a deep troll and a deep troll shaman.

Vanquished Creatures
  An ancient lich (Depths:2)
  A tentacled monstrosity (Depths:3)
  2 titans (Depths:2)
  Maud (Orc:1)
  Louise (Depths:1)
  3 orc warlords
  A frost giant (Depths:2)
  5 very ugly things
  3 stone giants (Depths:2)
  A vampire knight (Depths:2)
  A salamander stormcaller (D:14)
  4 dire elephants (Lair:8)
  9 ettins (Depths:2)
  2 fire dragons
  4 yaktaur captains
  An ice dragon (Depths:2)
  4 great orbs of eyes (Depths:2)
  Harold (Lair:1)
  7 hydras
  Erolcha (D:10)
  An ogre mage (Depths:2)
  2 centaur warriors
  A death knight (D:14)
  An anaconda (Lair:8)
  3 death yaks (Lair:7)
  A deep troll earth mage (Depths:3)
  2 vampire magi (Depths:2)
  9 orc high priests
  4 skeletal warriors
  2 iron trolls (Depths:2)
  6 deep trolls
  3 unseen horrors
  A putrid demonspawn (Lair:8)
  4 hill giants
  3 wizards
  2 necromancers
  4 griffons
  A lindwurm (Lair:4)
  4 orc knights
  An orb spider (Lair:5)
  A wolf spider (D:14)
  2 salamanders (Volcano)
  4 orc sorcerers
  28 ugly things
  3 oklob plants
  7 cyclopes
  A deep elf mage (D:13)
  9 elephants (Lair:8)
  4 manticores (D:14)
  2 sirens (Lair:4)
  An ice statue (IceCv)
  5 black mambas
  Joseph (D:10)
  17 spiny frogs
  Psyche (D:10)
  3 centaur zombies
  4 gargoyles
  4 rime drakes
  An efreet (D:15)
  3 centaur skeletons (D:14)
  6 yaktaurs
  6 komodo dragons
  2 elves (Depths:2)
  11 freezing wraiths
  7 trolls
  A queen bee (shapeshifter) (D:14)
  6 polar bears
  Grinder (D:3)
  A wolf spider simulacrum (IceCv)
  7 two-headed ogres
  17 blink frogs
  A boulder beetle (D:14)
  A raiju (shapeshifter) (D:14)
  A shadow (D:9)
  3 water elementals
  66 yaks
  A spriggan (D:7)
  2 vampires
  11 wyverns
  2 wraiths
  A human (Depths:2)
  4 basilisks
  7 fire bats (Volcano)
  4 hungry ghosts
  3 steam dragons (Volcano)
  13 hippogriffs
  2 mottled dragons
  5 vampire mosquitoes
  11 wargs
  A soldier ant (D:14)
  8 water moccasins
  5 porcupines
  6 ice beasts (IceCv)
  A phantom (D:4)
  A hornet simulacrum (D:15)
  34 orc warriors
  A sky beast (D:6)
  2 black bears
  2 necrophages
  22 ogres
  2 boggarts (Depths:2)
  13 wolves
  12 centaurs
  20 crocodiles
  A big kobold (D:8)
  A wyvern zombie (D:13)
  19 giant frogs
  A gnoll sergeant (D:11)
  2 spectral wargs (Depths:2)
  3 wyvern skeletons
  A water moccasin zombie (D:7)
  3 scorpions
  9 killer bees
  A swamp dragon simulacrum (IceCv)
  17 wights
  5 howler monkeys
  6 electric eels
  6 crimson imps
  4 jellies
  4 draconian simulacra (IceCv)
  A wasp zombie (D:10)
  23 orc wizards
  17 orc priests
  A giant frog skeleton (D:12)
  2 hounds
  Ijyb (D:3)
  15 iguanas
  8 worker ants
  2 polar bear simulacra (IceCv)
  A troll simulacrum (IceCv)
  28 sheep
  A killer bee zombie (D:5)
  10 centaur simulacra
  The ghost of M4edhros the Charlatan, a weakling OpAr (D:3)
  2 hound skeletons
  A worker ant zombie (D:8)
  10 gnolls
  A howler monkey skeleton (D:9)
  44 river rats
  10 adders
  An ogre simulacrum (IceCv)
  5 naga simulacra (IceCv)
  7 shadow imps
  25 white imps
  3 adder skeletons
  5 worms
  3 dart slugs
  7 giant geckos
  83 orcs
  A ball python (D:5)
  7 bats (D:1)
  3 giant cockroaches
  14 hobgoblins
  10 jackals
  14 kobolds
  A quokka (D:3)
  2 giant gecko skeletons
  A giant gecko zombie (D:7)
  3 giant newts
  7 goblins
  A quokka zombie (D:7)
  4 rats
  A bush (Lair:6)
  27 fungi
  35 plants
1074 creatures vanquished.

Vanquished Creatures (collateral kills)
  The ghost of Sagrath01 the Black Sun, an adept DsIE of Kikubaaqudgha (Depths:3)
  2 dire elephants (Lair:8)
  Fannar (D:10)
  A deep troll (Depths:2)
  5 sheep (Lair:6)
10 creatures vanquished.

Vanquished Creatures (others)
  A wolf spider (D:14)
  37 fungi
  19 plants
57 creatures vanquished.

Grand Total: 1141 creatures vanquished

Notes
Turn   | Place    | Note
--------------------------------------------------------------
     0 | D:1      | protoss039 the Minotaur Berserker began the quest for the Orb.
     0 | D:1      | Reached XP level 1. HP: 19/19 MP: 0/0
   128 | D:1      | Reached skill level 4 in Axes
   158 | D:1      | Reached XP level 2. HP: 20/27 MP: 1/1
   580 | D:1      | Reached ** piety under Trog
   856 | D:1      | Reached XP level 3. HP: 33/33 MP: 2/2
  1281 | D:2      | Found a shattered altar of Ashenzari.
  2014 | D:2      | Reached XP level 4. HP: 41/41 MP: 3/3
  2305 | D:3      | Reached *** piety under Trog
  2429 | D:3      | Reached skill level 5 in Axes
  2431 | D:3      | Reached skill level 5 in Fighting
  2431 | D:3      | Reached XP level 5. HP: 44/48 MP: 4/4
  2765 | D:3      | Noticed M4edhros's ghost (weakling OpAr)
  2775 | D:3      | Killed M4edhros's ghost
  2936 | D:3      | Found a blossoming altar of Fedhas.
  2936 | D:3      | Found a sacrificial altar of Ru.
  2939 | D:3      | Found a glowing golden altar of the Shining One.
  2947 | D:3      | Found an ancient bone altar of Kikubaaqudgha.
  2966 | D:3      | Noticed Ijyb
  2975 | D:3      | Killed Ijyb
  2975 | D:3      | Reached XP level 6. HP: 52/56 MP: 5/5
  3196 | D:3      | Noticed Grinder
  3222 | D:3      | Killed Grinder
  3222 | D:3      | Reached skill level 6 in Axes
  3222 | D:3      | Reached skill level 5 in Armour
  3717 | D:4      | Reached XP level 7. HP: 28/63 MP: 6/6
  4080 | D:4      | Found a staircase to the Ecumenical Temple.
  4180 | D:4      | Reached **** piety under Trog
  4698 | D:5      | Entered Level 5 of the Dungeon
  5454 | D:6      | Reached XP level 8. HP: 71/71 MP: 7/7
  5490 | D:6      | Reached skill level 7 in Axes
  5812 | D:6      | Reached skill level 8 in Axes
  5968 | D:7      | Reached skill level 1 in Shields
  6092 | D:7      | Reached XP level 9. HP: 73/82 MP: 8/8
  6274 | D:7      | Found a sparkling altar of Nemelex Xobeh.
  6289 | D:7      | Found a glowing silver altar of Zin.
  6330 | D:7      | Found a radiant altar of Vehumet.
  6795 | D:7      | Identified a scroll of acquirement
  7230 | D:8      | Reached skill level 9 in Axes
  7249 | D:8      | HP: 3/82 [orc warrior/trident (8)]
  7655 | D:8      | Reached ***** piety under Trog
  7659 | D:8      | Reached skill level 10 in Armour
  8377 | D:9      | Reached skill level 5 in Shields
  8496 | D:9      | Reached skill level 10 in Axes
  8496 | D:9      | Reached XP level 10. HP: 71/92 MP: 9/9
  8523 | D:9      | Found Mus Gug's General Store.
  8562 | D:9      | Reached skill level 10 in Fighting
  8723 | D:9      | Found a staircase to the Lair.
  8759 | D:9      | Found Yqups's Armour Boutique.
  8774 | D:9      | Found Zekle's Assorted Antiques.
  8896 | D:9      | Found Puluzxoe's Armour Shoppe.
  8963 | D:10     | Entered Level 10 of the Dungeon
  9024 | D:10     | Found a stormy altar of Qazlal.
  9045 | D:10     | Noticed Psyche
  9054 | D:10     | Killed Psyche
  9221 | D:10     | Noticed Erolcha
  9235 | D:10     | Killed Erolcha
  9235 | D:10     | Reached skill level 11 in Axes
  9280 | D:10     | Found a portal to a secret trove of treasure.
  9548 | D:10     | Noticed Fannar
  9596 | D:10     | Killed Fannar
  9901 | D:10     | Noticed Joseph
  9915 | D:10     | Killed Joseph
  9915 | D:10     | Reached XP level 11. HP: 93/102 MP: 10/10
 10245 | D:10     | Reached skill level 12 in Axes
 10750 | D:11     | Found Zomuxeeg's Book Emporium.
 10758 | D:11     | Received a gift from Trog
 10911 | D:11     | Noticed a hill giant
 10923 | D:11     | Killed a hill giant
 11061 | D:11     | Noticed a purple ugly thing
 11071 | D:11     | Killed a purple ugly thing
 11077 | D:11     | Noticed a hill giant
 11088 | D:11     | Killed a hill giant
 11147 | D:11     | Noticed a green ugly thing
 11157 | D:11     | Killed a green ugly thing
 11291 | D:11     | Killed an unseen horror
 11291 | D:11     | Reached skill level 13 in Axes
 11594 | D:11     | Found a shadowy altar of Dithmenos.
 11594 | D:11     | Noticed a brown ugly thing
 11602 | D:11     | Killed a brown ugly thing
 11606 | D:11     | Noticed a seven-headed hydra
 11619 | D:11     | Killed a 12-headed hydra
 11624 | D:11     | Reached skill level 10 in Shields
 11919 | D:11     | Reached XP level 12. HP: 112/112 MP: 3/11
 12000 | D:11     | Found a shadowy altar of Dithmenos.
 12343 | D:12     | Found a staircase to the Orcish Mines.
 12349 | D:12     | Received a gift from Trog
 13036 | D:13     | Reached skill level 14 in Axes
 13381 | D:13     | Received a gift from Trog
 14355 | D:14     | Reached skill level 1 in Throwing
 14365 | D:14     | Found a burning altar of Makhleb.
 14743 | D:14     | Found Nomnorank's Armour Emporium.
 14757 | D:14     | Bought a +0 pair of gloves for 45 gold pieces
 15162 | D:14     | Reached skill level 15 in Axes
 15185 | D:14     | Noticed a fire dragon
 15196 | D:14     | Killed a fire dragon
 15196 | D:14     | Reached XP level 13. HP: 119/122 MP: 4/12
 15340 | D:14     | Found a gate to the Vaults.
 15564 | D:14     | Received a gift from Trog
 16396 | D:14     | Noticed a salamander stormcaller
 16606 | Lair:1   | Entered Level 1 of the Lair of Beasts
 16618 | Lair:1   | Noticed Harold
 16665 | Lair:1   | Killed Harold
 16870 | Lair:1   | Found a dark tunnel.
 16886 | Volcano  | Entered a volcano
 17106 | Volcano  | Reached skill level 1 in Evocations
 17234 | Volcano  | Reached skill level 5 in Throwing
 17452 | Volcano  | Noticed a fire dragon
 17464 | Volcano  | Killed a fire dragon
 18408 | Lair:2   | Reached skill level 16 in Axes
 18838 | Lair:2   | Received a gift from Trog
 19963 | Lair:3   | Reached XP level 14. HP: 118/132 MP: 4/14
 20100 | Lair:3   | Found a blossoming altar of Fedhas.
 21068 | Lair:4   | Found a staircase to the Shoals.
 21325 | Lair:4   | Identified a +4 rod of inaccuracy (12/12) (You found it on level 14 of the Dungeon)
 21685 | Lair:4   | Received a gift from Trog
 21895 | Lair:5   | Reached ****** piety under Trog
 21913 | Lair:5   | Received a gift from Trog
 21924 | Lair:5   | Found a hole to the Spider Nest.
 23325 | Lair:6   | Found a viscous altar of Jiyva.
 23325 | Lair:6   | Found a staircase to the Slime Pits.
 23515 | Lair:7   | Received a gift from Trog
 23765 | Lair:7   | Reached skill level 17 in Axes
 25669 | Lair:8   | Entered Level 8 of the Lair of Beasts
 26048 | Lair:8   | Reached XP level 15. HP: 115/139 MP: 5/17
 26055 | Lair:8   | Received a gift from Trog
 26173 | Lair:8   | Reached skill level 15 in Fighting
 26495 | Lair:8   | Received a gift from Trog
 26521 | Lair:8   | Reached skill level 5 in Evocations
 27165 | Lair:8   | Reached skill level 18 in Axes
 27485 | Orc:1    | Entered Level 1 of the Orcish Mines
 27526 | Orc:1    | Found Xuh Ceyn's Book Shop.
 27573 | Orc:1    | Found a frozen archway.
 27623 | IceCv    | Entered an ice cave
 28000 | IceCv    | Found an ancient bone altar of Kikubaaqudgha.
 28562 | Orc:1    | Received a gift from Trog
 28630 | Orc:1    | Noticed Maud
 28639 | Orc:1    | Killed Maud
 28962 | Orc:2    | Entered Level 2 of the Orcish Mines
 28984 | Orc:2    | Found Cuaseon's Jewellery Shop.
 29222 | Orc:2    | Found a staircase to the Elven Halls.
 29275 | Orc:2    | Noticed an orc warlord
 29279 | Orc:2    | Found a roughly hewn altar of Beogh.
 29285 | Orc:2    | Found Gablarph's Antique Weapon Boutique.
 29548 | Orc:1    | Killed an orc warlord
 29718 | Orc:2    | Found Maucef's General Store.
 29734 | Orc:2    | Bought a potion of agility for 56 gold pieces
 29783 | Orc:2    | Found Wech's Antique Armour Boutique.
 29914 | Orc:2    | Found a roughly hewn altar of Beogh.
 30338 | D:14     | Reached skill level 15 in Armour
 30482 | D:15     | Entered Level 15 of the Dungeon
 30584 | D:15     | Received a gift from Trog
 30703 | D:15     | Found Eryxamo's Antique Armour Shoppe.
 31024 | D:15     | Reached skill level 19 in Axes
 31024 | D:15     | Reached XP level 16. HP: 131/151 MP: 6/19
 31407 | D:15     | Found a staircase to the Depths.
 31430 | Depths:1 | Entered Level 1 of the Depths
 31479 | Depths:1 | Noticed Louise
 31480 | Depths:1 | Found a one-way gate to the infinite horrors of the Abyss.
 31492 | Depths:1 | Killed Louise
 31644 | Depths:1 | You fall through a shaft!
 31764 | Depths:2 | Noticed a titan
 31778 | Depths:2 | Killed a titan
 32018 | Depths:2 | Received a gift from Trog
 32230 | Depths:2 | Paralysed by a vampire knight for 3 turns
 32648 | Depths:2 | Paralysed by a great orb of eyes for 5 turns
 32749 | Depths:2 | Noticed a titan
 32774 | Depths:2 | Killed a titan
 32953 | Depths:2 | Found The Legendary Naacocoa's Legendary Smithy.
 32972 | Depths:2 | Found Goqu's Slaves and Accessories.
 33406 | Depths:2 | Reached skill level 20 in Axes
 33457 | Depths:2 | Noticed an ancient lich
 33467 | Depths:2 | Killed an ancient lich
 33470 | Depths:2 | Found an ancient bone altar of Kikubaaqudgha.
 33573 | Depths:2 | Found Jack's Jerk-a-riffic Jerky.
 33800 | Depths:2 | Found Peprish's Miraculous Elixirs.
 33805 | Depths:2 | Reached XP level 17. HP: 135/161 MP: 7/21
 33830 | Depths:2 | Bought a potion of mutation for 125 gold pieces
 33830 | Depths:2 | Bought a potion of mutation for 125 gold pieces
 33830 | Depths:2 | Bought a potion of mutation for 125 gold pieces
 33830 | Depths:2 | Bought a potion of mutation for 125 gold pieces
 33830 | Depths:2 | Bought a potion of mutation for 125 gold pieces
 33830 | Depths:2 | Bought a potion of mutation for 125 gold pieces
 33830 | Depths:2 | Bought a potion of mutation for 125 gold pieces
 33830 | Depths:2 | Bought a potion of mutation for 125 gold pieces
 33830 | Depths:2 | Gained mutation: Your natural rate of healing is unusually fast. [potion of mutation]
 33830 | Depths:2 | Gained mutation: You have a somewhat thin skeletal structure (Dex +2, Stealth). [potion of mutation]
 33830 | Depths:2 | Gained mutation: Your flesh is cold resistant. [potion of mutation]
 33831 | Depths:2 | Gained mutation: You have a pair of large horns on your head. [potion of mutation]
 33831 | Depths:2 | Lost mutation: Your natural rate of healing is unusually fast. [potion of mutation]
 33832 | Depths:2 | Gained mutation: You are partially covered in rough black scales (AC +4, Dex -1). [potion of mutation]
 33833 | Depths:2 | Gained mutation: You evolve. [potion of mutation]
 33833 | Depths:2 | Gained mutation: Scrolls take you a little longer to read. [potion of mutation]
 33834 | Depths:2 | Gained mutation: You are frail (-10% HP). [potion of mutation]
 33834 | Depths:2 | Gained mutation: You can translocate small distances at will. [potion of mutation]
 33834 | Depths:2 | Gained mutation: Armour fits poorly on your strangely shaped body. [potion of mutation]
 33835 | Depths:2 | Gained mutation: Potions and wands are less effective at restoring your health. [potion of mutation]
 33835 | Depths:2 | Lost mutation: You are frail (-10% HP). [potion of mutation]
 33836 | Depths:2 | Gained mutation: You have large cloven feet. [potion of mutation]
 33837 | Depths:2 | Lost mutation: Armour fits poorly on your strangely shaped body. [potion of mutation]
 33837 | Depths:2 | Gained mutation: You are partially covered in large bone plates (AC +2, SH +2). [potion of mutation]
 33839 | Depths:2 | Gained mutation: You are dopey. (Int -2) [potion of mutation]
 33839 | Depths:2 | Gained mutation: You are occasionally teleported next to monsters. [potion of mutation]
 33839 | Depths:2 | Gained mutation: You are resistant to hostile enchantments. [potion of mutation]
 33841 | Depths:2 | Bought a potion of mutation for 125 gold pieces
 33841 | Depths:2 | Bought a potion of mutation for 125 gold pieces
 33842 | Depths:2 | Lost mutation: Scrolls take you a little longer to read. [potion of mutation]
 33844 | Depths:2 | Lost mutation: You are partially covered in large bone plates (AC +2, SH +2). [potion of cure mutation]
 33844 | Depths:2 | Lost mutation: You can translocate small distances at will. [potion of cure mutation]
 33844 | Depths:2 | Lost mutation: You evolve. [potion of cure mutation]
 33844 | Depths:2 | Lost mutation: You are resistant to hostile enchantments. [potion of cure mutation]
 33844 | Depths:2 | Lost mutation: You are dopey. (Int -2) [potion of cure mutation]
 34061 | Depths:3 | Noticed a tentacled monstrosity
 34069 | Depths:3 | Killed a tentacled monstrosity
 34222 | Depths:3 | Noticed Sagrath01's ghost (adept DsIE)
 34227 | Depths:3 | Found a one-way gate leading to the halls of Pandemonium.
 34237 | Depths:3 | Killed Sagrath01's ghost
 34287 | Depths:3 | Found a gateway to Hell.
 34307 | Depths:3 | Found Jihoatai's Gadget Boutique.
 34325 | Depths:3 | Received a gift from Trog
 34496 | Depths:2 | Received a gift from Trog
 34531 | Depths:3 | HP: 4/161 [deep troll shaman (9)]
 34531 | Depths:3 | Mangled by a deep troll shaman

Skill      XL: |  1  2  3  4  5  6  7  8  9 10 11 12 13 14 15 16 17 |
---------------+----------------------------------------------------+-----
Axes           | 4 5 6 8 10 11 13 15 16 17 19 20 | 20.6
Fighting       | 4 5 6 8 9 11 12 13 14 16 17 | 17.3
Armour         | 3 4 5 7 9 10 11 12 13 14 15 16 | 16.7
Shields        | 1 5 7 10 11 12 | 12.2
Throwing       | 2 5 7 8 |  8.3
Evocations     | 2 4 6 7 8 |  8.4
Dodging        | |  2.4

Action                   |  1- 3 |  4- 6 |  7- 9 | 10-12 | 13-15 | 16-18 || total
-------------------------+-------+-------+-------+-------+-------+-------++-------
Melee: Hand axe          |    77 |   134 |   418 |   350 |       |       ||   979
       Headbutt          |    10 |    25 |    90 |   185 |   330 |   131 ||   771
       Broad axe         |       |       |       |   423 |    94 |       ||   517
       Battleaxe         |       |       |       |       |  1294 |   398 ||  1692
Invok: Berserk           |       |     1 |       |     9 |     7 |    12 ||    29
       Burn Spellbooks   |       |       |     1 |       |     3 |       ||     4
       Trog's Hand       |       |       |       |     3 |     3 |     2 ||     8
       Brothers in Arms  |       |       |       |     1 |     2 |     2 ||     5
 Abil: Evoke Flight      |       |       |       |       |     2 |       ||     2
Evoke: Wand              |       |       |       |       |    34 |     3 ||    37
       Deck              |       |       |       |       |    20 |     2 ||    22
       Disc of storms    |       |       |       |       |     1 |       ||     1
  Use: Scroll            |       |     1 |    10 |    10 |    18 |     3 ||    42
       Potion            |       |       |       |    13 |    11 |    23 ||    47
 Stab: Confused          |       |       |       |       |     1 |       ||     1
       Distracted        |       |       |       |       |       |     1 ||     1
  Eat: Chunk             |     3 |     6 |    15 |    35 |    44 |    19 ||   122
       Pizza             |       |       |     1 |     1 |     1 |     1 ||     4
       Royal jelly       |       |       |       |     1 |     1 |       ||     2
       Beef jerky        |       |       |       |       |     4 |     2 ||     6
       Fruit             |       |       |       |       |     3 |       ||     3
       Meat ration       |       |       |       |       |     1 |       ||     1
Armor: Animal skin       |    12 |       |       |       |       |       ||    12
       Plate armour      |    10 |    51 |   256 |   465 |   948 |   229 ||  1959
Dodge: Dodged            |    61 |    34 |   110 |   183 |   522 |   125 ||  1035
Block: Shield            |       |       |   143 |   470 |    59 |       ||   672
       Other             |       |       |       |       |    79 |       ||    79
       Reflection        |       |       |       |       |     1 |       ||     1
